 Dungeon Crawl Stone Soup version 0.28-b1-25-g9875b3fc8c (webtiles) character file.

Game seed: 17076882712980751810

158 saveriu the Skirmisher (level 5, -10/48 HPs)
             Began as a Hill Orc Fighter on Feb 3, 2022.
             Was an Initiate of Ru.
             Mangled by a black bear (11 damage)
             ... on level 3 of the Dungeon.
             The game lasted 00:23:51 (3741 turns).

saveriu the Skirmisher (Hill Orc Fighter)           Turns: 3741, Time: 00:23:51

Health: -10/48     AC: 11    Str: 21    XL:     5   Next: 40%
Magic:  5/5        EV:  9    Int:  8    God:    Ru [......]
Gold:   107        SH:  4    Dex: 10    Spells: 4/4 levels left

rFire   . . .      SeeInvis .   a - +0 war axe
rCold   . . .      Faith    .   c - +0 buckler
rNeg    . . .      Spirit   .   b - +1 scale mail
rPois   .          Reflect  .   r - +2 helmet
rElec   .          Harm     .   (no cloak)
rCorr   .          Rampage  .   (no gloves)
Will    .....                   (no boots)
Stlth   ..........              (no amulet)
HPRegen 0.16/turn               (no ring)
MPRegen 0.09/turn               (no ring)

@: no status effects
A: missing an eye
a: Renounce Religion


You were on level 3 of the Dungeon.
You worshipped Ru.
Ru was noncommittal.
You visited 1 branch of the dungeon, and saw 4 of its levels.

You collected 107 gold pieces.

Inventory:

Hand Weapons
 a - a +0 war axe (weapon)
Armour
 b - a +1 scale mail (worn)
 c - a +0 buckler (worn)
 r - a +2 helmet (worn)
Jewellery
 p - a ring of willpower
Wands
 n - a wand of iceblast (10)
Scrolls
 g - a scroll of teleportation
 h - a scroll of immolation
 i - a scroll of vulnerability {unknown}
 m - a scroll of fear {unknown}
Potions
 d - a potion of might
 t - a potion of brilliance {unknown}


   Skills:
 * Level 5.3 Fighting
 + Level 4.1 Axes
 + Level 4.5 Armour
 - Level 3.4 Shields


You had 4 spell levels left.
You didn't know any spells.
Your spell library was empty.

Dungeon Overview and Level Annotations

Branches:
Dungeon (4/15)
 Temple: D:4-7

Altars:
Ru

Annotations:
D:4 Duvessa


Innate Abilities, Weirdness & Mutations

You are missing an eye, making it more difficult to aim.


Message History

You block the black bear's attack.
You miss the black bear.
The black bear is heavily wounded.
The black bear bites you but does no damage.
The black bear claws you but does no damage.
The black bear barely misses you.
You barely miss the black bear.
The black bear is heavily wounded.
The black bear barely misses you.
The black bear claws you but does no damage. x2
You closely miss the black bear.
The black bear is heavily wounded.
The black bear bites you but does no damage.
You block the black bear's attack. The black bear completely misses you.
The black bear bites you but does no damage.
The black bear closely misses you.
The black bear claws you but does no damage.
You hit the black bear.
The black bear is severely wounded.
The black bear goes berserk!
You closely miss the black bear.
The black bear is severely wounded.
The black bear bites you but does no damage.
You block the black bear's attack. The black bear closely misses you.
The black bear bites you. The black bear claws you. x2
You barely miss the black bear.
The black bear is severely wounded.
The black bear bites you!
* * * LOW HITPOINT WARNING * * *
The black bear claws you.
* * * LOW HITPOINT WARNING * * *
The black bear claws you but does no damage.
The black bear misses you. The black bear claws you.
* * * LOW HITPOINT WARNING * * *
The black bear claws you but does no damage.
As you read the scroll labelled YTASA IDAI, it crumbles to dust.
It is a scroll of enchant armour.
Your +0 scale mail glows green for a moment.
The black bear bites you!
You die...

### #.# ..# #.# #.# #.# #.#
#.# #.################.#
...................#########
#.################.#.......#
#.########.....###.#.......#
..##.........>†h@..........#
.........#.....###.#.......#
####.###.#.....# #.#.......#
.....#<#.####.## #.#.......#
###.)#.#.#
#.####.#.......######
..#..#.#.#
#....................
#.#..#.#.#
######.######..######
#.#..#.#.#
#........##.######
..#..#.#.#
#........##..#....


You could see a black bear (berserk).

Vanquished Creatures
  2 orc wizards (D:3)
  4 adders
  5 orcs
  3 endoplasms
  2 giant cockroaches (D:2)
  7 goblins
  7 hobgoblins
  2 kobolds
  3 quokkas
  6 ball pythons
  5 bats
  20 frilled lizards
  5 rats
71 creatures vanquished.

Vanquished Creatures (others)
  9 plants (D:3)
9 creatures vanquished.

Grand Total: 80 creatures vanquished

Notes
Turn   | Place    | Note
-------+----------+-------------------------------------------
     0 | D:1      | saveriu the Hill Orc Fighter began the quest for the Orb.
     0 | D:1      | Reached XP level 1. HP: 19/19 MP: 1/1
   232 | D:1      | Reached XP level 2. HP: 27/27 MP: 2/2
   501 | D:1      | Reached XP level 3. HP: 33/33 MP: 3/3
   939 | D:1      | Reached skill level 4 in Fighting
  1228 | D:2      | Found a sacrificial altar of Ru.
  1242 | D:2      | Became a worshipper of Ru the Awakened
  1816 | D:2      | Reached XP level 4. HP: 41/41 MP: 4/4
  2576 | D:3      | Reached skill level 5 in Fighting
  2580 | D:3      | Reached XP level 5. HP: 7/48 MP: 5/5
  3414 | D:3      | Gained mutation: You are missing an eye, making it more
                  | difficult to aim. [Ru sacrifice]
  3703 | D:4      | Noticed a black bear
  3709 | D:4      | Noticed Duvessa
  3740 | D:3      | HP: 1/48 [black bear (5)]
  3741 | D:3      | Mangled by a black bear

Illustrated notes

Levels and vault maps discovered:
D:1:      ebering_hopf_link, layout_basic, minivault_5,
          minmay_misc_feat_four_crosses, minmay_lizard_pond
D:2:      layout_basic, basic_altar
D:3:      layout_basic, minmay_lizard_king
D:4:      layout_loops_ring, uniq_edmund, uniq_duvessa

Skill      XL: |  1  2  3  4  5 |
---------------+----------------+-----
Armour         | 4 |  4.5
Axes           | 3 4 |  4.1
Fighting       | 4 5 |  5.3
Shields        | |  3.4

Action                   |  1- 3 |  4- 6 || total
-------------------------+-------+-------++-------
Melee: War axe           |    80 |   105 ||   185
Invok: Sacrifice an Eye  |       |     1 ||     1
  Use: Scroll            |     1 |     4 ||     5
       Potion            |       |     1 ||     1
Armor: Scale mail        |    39 |    96 ||   135
Dodge: Dodged            |    37 |    56 ||    93
Block: Buckler           |    15 |    29 ||    44
